 Dungeon Crawl Stone Soup version 0.31-a0-806-g0bc164a743 (webtiles) character file.

Game seed: 17538694340893025266

73 redmage the Ruffian (level 4, -4/36 HPs)
             Began as a Draconian Shapeshifter on Sept 21, 2023.
             Slain by an ice beast (5 damage)
             ... on level 3 of the Dungeon.
             The game lasted 00:05:44 (1286 turns).

redmage the Ruffian (Draconian Shapeshifter)        Turns: 1286, Time: 00:05:46

Health: -4/36      AC:  5    Str: 16    XL:     4   Next: 8%
Magic:  4/4        EV: 12    Int: 10    God:
Gold:   111        SH:  0    Dex: 13    Spells: 3/3 levels left

rFire   . .          .
                       - Unarmed
rCold   . . .        (no shield)
rNeg    . . .        (body armour unavailable)
rPois   .            (helmet currently unavailable)
rElec   .            (cloak currently unavailable)
rCorr   .            (gloves currently unavailable)
SInv    .            (boots currently unavailable)
Will    .....        (no amulet)
Stlth   +            (no ring)
HPRegen 0.26/turn    (no ring)
MPRegen 0.09/turn

%: no passive effects
@: beast-form
A: beast (slay +2), AC +5, unfitting armour, cold-blooded
a: Begin Untransformation


You were on level 3 of the Dungeon.
You were a hulking beast.
You visited 1 branch of the dungeon, and saw 3 of its levels.

You collected 111 gold pieces.

Inventory:

Armour
 h - the +0 robe of Miracles {rCorr Archmagi}
   (You found it on level 2 of the Dungeon)

   rCorr:     It protects you from acid and corrosion.
   Archmagi:  It increases the power of your magical spells.
 i - the -1 kite shield of Untold Secrets {Drain rPois Regen+}
   (You found it on level 2 of the Dungeon)

   rPois:     It protects you from poison Regen+: It increases your rate of
   health regeneration.
   Drain:     It drains your maximum health when unequipped.
Jewellery
 g - an amulet of faith
Talismans
 b - a beast talisman (active)
 c - a flux talisman
Scrolls
 d - 2 scrolls of identify {unknown}
 f - 2 scrolls of poison {unknown}
 j - a scroll of revelation {unknown}
Potions
 a - a potion of lignification
 e - a potion of curing {unknown}


   Skills:
 - Level 2.0 Fighting
 - Level 2.3 Dodging
 * Level 3.7 Unarmed Combat
 + Level 3.6 Shapeshifting


You had 3 spell levels left.
You didn't know any spells.
Your spell library contained the following spells:

 Spells                   Type           Power      Damage    Failure   Level
 Cigotuvi's Dreadful Rot  Necr/Pois/Air  0%         N/A       50%         2
 Dispel Undead            Necr           0%         3d6       98%         4
 Death Channel            Necr           0%         N/A       100%        6


Dungeon Overview and Level Annotations

Branches:
Dungeon (3/15)

Altars:


Innate Abilities, Weirdness & Mutations

You are a hulking beast.
Your limbs bulge with bestial killing power. (Slay +2)
Your plain brown scales are hard. (AC +5)
You cannot fit into any form of body armour.
You are cold-blooded and may be slowed by cold attacks.


Message History

There is a stone staircase leading up here.
Unknown command.
Found a stone staircase leading down.
The bat barely misses you.
There is an escape hatch in the ceiling here.
No target in view!
No target in view!
No target in view!
The bat hits you but does no damage.
You closely miss the bat. You tail-slap the bat.
You kill the bat!
An ice beast is nearby!
You hit the ice beast.
The ice beast is lightly wounded.
The ice beast hits you. The ice beast freezes you.
You feel yourself slow down.
You punch the ice beast!
The ice beast is heavily wounded.
The ice beast hits you. The ice beast freezes you!
The ice beast hits you but does no damage.
You are too injured to fight recklessly!
You barely miss the ice beast.
The ice beast is heavily wounded.
You feel yourself speed up. The ice beast barely misses you.
You barely miss the ice beast.
The ice beast is heavily wounded.
The ice beast hits you but does no damage.
You hit the ice beast.
The ice beast is heavily wounded.
The ice beast hits you. The ice beast freezes you!
You feel yourself slow down.
* * * LOW HITPOINT WARNING * * *
You punch the ice beast!
The ice beast is almost dead.
The ice beast hits you but does no damage.
You hit the ice beast but do no damage.
The ice beast is almost dead.
You feel yourself speed up. The ice beast hits you.
* * * LOW HITPOINT WARNING * * *
The ice beast freezes you.
You die...

#...<.......
#..........^
#.........#.
...........##
#..#..........
#......)....##
##...........#
.....$...Y..#
#.......h..#
#..........#
.#......$.#
##.<..<#......
######.......
..##..> ..#
... ..# .# ..#


You could see an ice beast.

Vanquished Creatures
  A gnoll (D:1)
  2 adders (D:2)
  A dart slug (D:1)
  2 endoplasms (D:1)
  A giant cockroach (D:1)
  5 goblins
  4 hobgoblins
  3 jackals (D:1)
  2 quokkas (D:2)
  6 ball pythons
  3 bats
  2 frilled lizards (D:2)
  4 kobolds
  3 rats
39 creatures vanquished.

Notes
Turn   | Place    | Note
-------+----------+-------------------------------------------
     0 | D:1      | redmage the Draconian Shapeshifter began the quest for the
                  | Orb.
     0 | D:1      | Reached XP level 1. HP: 16/16 MP: 1/1
    58 | D:1      | Reached XP level 2. HP: 23/23 MP: 2/2
   189 | D:1      | Found a faded altar of an unknown god.
   245 | D:1      | Reached XP level 3. HP: 23/29 MP: 3/3
   785 | D:2      | Identified the +0 robe of Miracles {rCorr Archmagi}
   969 | D:2      | Identified the -1 kite shield of Untold Secrets {Drain
                  | rPois Regen+}
  1108 | D:2      | Reached XP level 4. HP: 36/36 MP: 4/4
  1246 | D:3      | Noticed an ice beast
  1286 | D:3      | HP: 1/36 [ice beast (3)]
  1286 | D:3      | Slain by an ice beast

Illustrated notes

Levels and vault maps discovered:
D:1:      lemuel_arrival_river_bridge, layout_rooms,
          ebering_ecumenical_altar_sacrificial
D:2:      layout_loops_corners
D:3:      layout_rooms, nicolae_qazlal_eye_of_the_storm, uniq_sigmund

Skill      XL: |  1  2  3 |
---------------+----------+-----
Dodging        | 2 |  2.3
Fighting       | 2 |  2.0
Unarmed Combat | |  3.7
Shapeshifting  | |  3.6

Action                     |  1- 3 |  4- 6 || total
---------------------------+-------+-------++-------
  Melee: Unarmed           |    83 |    12 ||    95
         Tailslap          |     9 |     2 ||    11
         Punch             |     2 |       ||     2
   Stab: Sleeping          |     2 |       ||     2
 Armour: Skin              |    31 |    11 ||    42
  Dodge: Dodged            |    42 |     2 ||    44

Table legend: (Time is in decaauts)
 A = Elapsed time spent in this place.
 B = Non-inter-level travel time spent in this place.
 C = Inter-level travel time spent in this place.
 D = Time resting spent in this place.
 E = Time spent auto-exploring this place.
 F = Levels seen in this place.
 G = Mean time per level.
                   A        B        C        D        E       F      G
               +--------+--------+--------+--------+--------+-----+--------+
         Total |   1283 |   1232 |     51 |      0 |    976 |   3 |  427.7 |
       Dungeon |   1283 |   1232 |     51 |      0 |    976 |   3 |  427.7 |
               +--------+--------+--------+--------+--------+-----+--------+

Top non-repeatable levels by time:
     D:2: 819 daAuts
     D:1: 445 daAuts
     D:3: 18 daAuts
